AoeStats
← nonoleboss

Arabia

509739292Analyzed
1v1 RM · 4d ago on Sep 27, 2026· 23m 20s· 2 players
Game mode
Random Map
Map size
Tiny (2 player)
Population
200
Speed
Normal
Resources
Standard
Victory
Conquest
Starting age
Dark Age
Ending age
Imperial Age
RankedLock teamsTeams togetherTeam positionsShared explorationLock speedFull tech treeHidden civsTurbo modeCheats
Victory
Defeat
🇫🇷 Japanese · France
1389
+15
🇨🇦 Varangians · Canada
1362
-15
Friendly Sword
6:50 Loom
9:36 Feudal Age
9:41 Man-at-Arms
10:12 Double-Bit Axe
16:41 Fletching
18:05 Padded Archer Armor
24:48 Castle Age
nonoleboss
6:06 Loom
6:10 Loom
9:40 Feudal Age
9:41 Man-at-Arms
10:11 Double-Bit Axe
14:29 Forging
16:32 Arson
19:18 Scale Mail Armor
21:46 Castle Age
21:03 Horse Collar
22:05 Long Swordsman
22:33 Gambesons
23:19 Chain Mail Armor
Connection lost

Rejoining the realm…

Still unreachable

The connection could not be restored.

Session expired

The server has moved on; the page needs a fresh start.